 Dungeon Crawl Stone Soup version 0.30-a0-924-g0ad0bf95bc (webtiles) character file.

Game seed: 1180347896256101479

760 howech the Chopper (level 7, -7/61 HPs)
             Began as a Hill Orc Fighter on Mar 22, 2023.
             Mangled by a yak (13 damage)
             ... on level 5 of the Dungeon.
             The game lasted 00:12:22 (6013 turns).

howech the Chopper (Hill Orc Fighter)               Turns: 6013, Time: 00:12:23

Health: -7/61      AC: 13    Str: 19    XL:     7   Next: 80%
Magic:  10/10      EV:  7    Int: 10    God:
Gold:   232        SH:  4    Dex: 10    Spells: 6/6 levels left

rFire   . . .      SeeInvis .    a - +0 war axe
rCold   . . .      Faith    .    c - +0 buckler
rNeg    . . .      Spirit   .    e - +0 chain mail
rPois   .          Reflect  .    v - +1 helmet
rElec   .          Rampage  .    (no cloak)
rCorr   .                        s - +0 pair of gloves
Will    .....                    (no boots) Stlth
                                 (no amulet)
HPRegen 0.30/turn                (no ring)
MPRegen 0.12/turn                (no ring)

@: no status effects
A: no striking features
a: no special abilities


You were on level 5 of the Dungeon.
You visited 2 branches of the dungeon, and saw 7 of its levels.

You collected 232 gold pieces.

Inventory:

Hand Weapons
 a - a +0 war axe (weapon)
Missiles
 h - 2 atropa-tipped darts (quivered)
Armour
 b - a +0 scale mail
 c - a +0 buckler (worn)
 e - a +0 chain mail (worn)
 i - a +0 plate armour
 q - the +4 ring mail "Tatawait" {+Inv rF- Str+6}
   (You found it on level 5 of the Dungeon)

   Str:       It affects your strength (+6).
   rF:        It makes you vulnerable to fire.
   +Inv:      It lets you turn invisible.
 s - a +0 pair of gloves (worn)
 v - a +1 helmet (worn)
Wands
 w - a wand of flame (19)
 y - a wand of paralysis (6)
Scrolls
 j - a scroll of magic mapping
 k - a scroll of vulnerability
 m - 2 scrolls of immolation
 o - a scroll of amnesia
 u - 2 scrolls of identify
Potions
 d - a potion of might
 f - 2 potions of mutation
 g - 2 potions of brilliance
 l - a potion of curing
 n - 2 potions of heal wounds {unknown}
 p - a potion of attraction {unknown}
 t - 2 potions of experience {unknown}
 x - a potion of ambrosia {unknown}


   Skills:
 + Level 5.4 Fighting
 * Level 6.8 Axes
 + Level 5.0 Armour
 + Level 4.9 Shields
 + Level 4.1 Invocations


You had 6 spell levels left.
You didn't know any spells.
Your spell library contained the following spells:

 Spells                   Type           Power      Damage    Failure   Level
 Sandblast                Erth           0%         2d4       99%         1
 Sting                    Tmut/Pois      0%         1d3       99%         1
 Blink                    Tloc           0%         N/A       100%        2
 Lesser Beckoning         Tloc           0%         N/A       100%        2
 Momentum Strike          Conj/Tloc      0%         3d8       100%        2
 Passwall                 Tmut/Erth      0%         N/A       100%        2
 Poisonous Vapours        Pois/Air       0%         N/A       100%        2
 Stone Arrow              Conj/Erth      0%         3d7       100%        3
 Olgreb's Toxic Radiance  Pois           0%         N/A       100%        4


Dungeon Overview and Level Annotations

Branches:
Dungeon (6/15)             Temple (1/1) D:4

Altars:
Cheibriados
Dithmenos
Elyvilon
Fedhas
Gozag
Hepliaklqana
Kikubaaqudgha
Makhleb
Nemelex Xobeh
Okawaru
Ru
Sif Muna
Uskayaw
Wu Jian
Yredelemnul
Zin
The Shining One

Shops:
D:5 [


Message History

You slash the yak!
The yak is heavily wounded.
The yak gores you.
You hit the yak but do no damage.
The yak is heavily wounded.
The yak gores you!
* * * LOW HITPOINT WARNING * * *
You hit the yak but do no damage.
The yak is heavily wounded.
The yak gores you!
* * * LOW HITPOINT WARNING * * *
The yak completely misses you.
You feel better. The yak gores you but does no damage.
You hit the yak.
The yak is heavily wounded.
The yak snorts and paws the ground.
The yak gores you!
* * * LOW HITPOINT WARNING * * *
You hit the yak.
The yak is severely wounded.
The yak gores you but does no damage.
You hit the yak but do no damage.
The yak is severely wounded.
The yak gores you.
* * * LOW HITPOINT WARNING * * *
You barely miss the yak.
The yak is severely wounded.
The yak gores you but does no damage.
You feel better. The yak gores you.
* * * LOW HITPOINT WARNING * * *
You hit the yak but do no damage.
The yak is severely wounded.
The yak gores you!
* * * LOW HITPOINT WARNING * * *
The yak gores you.
* * * LOW HITPOINT WARNING * * *
You hit the yak.
The yak is almost dead.
The yak gores you!
You die...

#### #.# ...## ####.##
##..#### #.....#
##....###.....########
####......<...8.....#
####.............#
#########.....∩.......#
.......##.........[...#
.......##.##8...@..####
.......##......Y...#
.......##....#.....#
.......#####.#######
.......#####.#
.......##....#
.......##.####
..........# .......####


You could see a yak.

Vanquished Creatures
  An ogre (D:5)
  6 wights (D:6)
  A hound (D:3)
  An orc priest (D:5)
  A sleepcap (D:6)
  Ijyb (D:3)
  3 iguanas
  7 adders
  A white imp (D:5)
  5 dart slugs
  6 orcs
  6 endoplasms
  13 hobgoblins
  3 jackals (D:1)
  3 quokkas
  6 ball pythons
  3 bats
  7 frilled lizards
  8 goblins
  8 kobolds
  7 rats
97 creatures vanquished.

Vanquished Creatures (others)
  10 plants (D:1)
10 creatures vanquished.

Grand Total: 107 creatures vanquished

Notes
Turn   | Place    | Note
-------+----------+-------------------------------------------
     0 | D:1      | howech the Hill Orc Fighter began the quest for the Orb.
     0 | D:1      | Reached XP level 1. HP: 19/19 MP: 1/1
   150 | D:1      | Reached skill level 3 in Axes
   150 | D:1      | Reached XP level 2. HP: 27/27 MP: 2/2
   221 | D:1      | Reached skill level 1 in Invocations
   517 | D:1      | Reached XP level 3. HP: 33/33 MP: 3/3
  1516 | D:2      | Reached XP level 4. HP: 40/40 MP: 5/5
  1665 | D:2      | Reached skill level 4 in Axes
  2156 | D:3      | Reached XP level 5. HP: 28/46 MP: 6/6
  2337 | D:3      | Noticed Ijyb
  2355 | D:3      | Killed Ijyb
  2771 | D:3      | Found a sacrificial altar of Ru.
  2772 | D:3      | Found a basalt altar of Yredelemnul.
  2821 | D:3      | You fall into a shaft and drop 1 floor!
  3585 | D:4      | Reached skill level 5 in Axes
  3594 | D:4      | Found a staircase to the Ecumenical Temple.
  4220 | D:4      | Found an opulent altar of Gozag.
  4470 | Temple   | Entered the Ecumenical Temple
  4660 | D:5      | Entered Level 5 of the Dungeon
  4660 | D:5      | Found Cecw's Antique Armour Shop.
  4683 | D:5      | Identified the +4 ring mail "Tatawait" {+Inv rF- Str+6}
  4751 | D:5      | Reached XP level 6. HP: 52/53 MP: 8/8
  5521 | D:6      | Reached XP level 7. HP: 60/60 MP: 9/9
  5607 | D:6      | Reached skill level 5 in Fighting
  5607 | D:6      | Reached skill level 6 in Axes
  5844 | D:6      | Reached skill level 5 in Armour
  5951 | D:6      | Noticed a yak
  5951 | D:6      | Noticed a yak
  5951 | D:6      | Noticed a yak
  5957 | D:6      | Noticed a yak
  6013 | D:5      | Mangled by a yak

Illustrated notes

Levels and vault maps discovered:
D:1:      arrival_zaba_pyramid, layout_basic, serial_bayou_lake_a
D:2:      layout_basic, hex_medium, minmay_misc_feat_more_columns,
          minmay_fountain_box, minmay_between
D:3:      layout_basic, gammafunk_temple_overflow_pools, minmay_misc_feat_chi,
          uniq_sigmund, uniq_ijyb
D:4:      layout_layer_cave, mainiacjoe_overflow_24_doors,
          minmay_temple_entry_arrows
D:5:      layout_basic, serial_shops, nicolae_stop_n_shop_1
D:6:      layout_layer_cave, nicolae_shop_i_like_big_books
Temple:   nicolae_temple_bog_church

Skill      XL: |  1  2  3  4  5  6  7 |
---------------+----------------------+-----
Axes           | 3 4 5 6 |  6.8
Invocations    | 1 2 3 4 |  4.1
Fighting       | 4 5 |  5.4
Armour         | 4 5 |  5.0
Shields        | 4 |  4.9

Action                     |  1- 3 |  4- 6 |  7- 9 || total
---------------------------+-------+-------+-------++-------
  Melee: War axe           |   112 |   180 |    49 ||   341
    Use: Scroll            |       |    15 |       ||    15
         Potion            |       |       |     2 ||     2
 Armour: Chain mail        |    79 |    98 |    15 ||   192
         Scale mail        |     1 |       |       ||     1
  Dodge: Dodged            |    35 |    60 |    17 ||   112
  Block: Buckler           |    29 |    41 |    11 ||    81

Table legend: (Time is in decaauts)
 A = Elapsed time spent in this place.
 B = Non-inter-level travel time spent in this place.
 C = Inter-level travel time spent in this place.
 D = Time resting spent in this place.
 E = Time spent auto-exploring this place.
 F = Levels seen in this place.
 G = Mean time per level.
                   A        B        C        D        E       F      G
               +--------+--------+--------+--------+--------+-----+--------+
         Total |   6163 |   5945 |    218 |    670 |   4117 |   7 |  880.4 |
       Dungeon |   5995 |   5797 |    198 |    670 |   3983 |   6 |  999.2 |
        Temple |    167 |    147 |     20 |      0 |    134 |   1 |  167.0 |
               +--------+--------+--------+--------+--------+-----+--------+

Top non-repeatable levels by time:
     D:1: 1314 daAuts
     D:3: 1300 daAuts
     D:4: 1149 daAuts
     D:5: 942 daAuts
     D:2: 851 daAuts
     D:6: 437 daAuts
  Temple: 167 daAuts
